 Dungeon Crawl Stone Soup version 0.21-a0-84-g85d6d27 (webtiles) character file.

167 slavetoarmok the Firebug (level 5, -2/41 HPs)
             Began as a Draconian Fire Elementalist on June 28, 2017.
             Slain by an orc
             ... wielding a +0 flail
              (5 damage)
             ... on level 3 of the Dungeon.
             The game lasted 00:06:03 (3279 turns).

slavetoarmok the Firebug (DrFE)                     Turns: 3279, Time: 00:06:04

Health: -2/41      AC:  5    Str: 10    XL:     5   Next: 23%
Magic:  0/9        EV: 12    Int: 17    God:
Gold:   179        SH:  0    Dex: 11    Spells: 3/9 levels left

rFire    . . .     SeeInvis .   o - +0 dagger
rCold    . . .     Gourm    .   (no shield)
rNeg     . . .     Faith    .   (armour unavailable)
rPois    .         Spirit   .   (helmet restricted)
rElec    .         Reflect  .   (no cloak)
rCorr    .         Harm     .   (no gloves)
MR       .....                  (no boots)
Stlth    ++........             (no amulet)
HPRegen  0.13/turn              (no ring)
MPRegen  0.11/turn              (no ring)

@: no status effects
A: unfitting armour, cold-blooded, AC +5
a: no special abilities


You were on level 3 of the Dungeon.
You were not hungry.

You visited 1 branch of the dungeon, and saw 3 of its levels.

You collected 179 gold pieces.

Inventory:

Hand Weapons
 o - a +0 dagger (weapon)
Jewellery
 f - an uncursed ring of positive energy {unknown}
Scrolls
 i - 2 scrolls of magic mapping {unknown}
 j - a scroll of immolation {unknown}
 k - a scroll of identify {unknown}
 p - a scroll of amnesia {unknown}
 r - a scroll of random uselessness {unknown}
 t - a scroll of fog {unknown}
Potions
 c - a potion of curing {unknown}
 e - a potion of resistance {unknown}
 g - 2 potions of flight {unknown}
 h - 2 potions of magic {unknown}
 l - a potion of haste {unknown}
 n - 2 potions of lignification {unknown}
 q - a potion of brilliance {unknown}
 s - a potion of ambrosia {unknown}
 u - a potion of might {unknown}
 w - a potion of agility {unknown}
Books
 a - a book of Flames

   Spells                             Type                      Level
   a - Flame Tongue                   Conjuration/Fire             1
   b - Throw Flame                    Conjuration/Fire             2
   c - Conjure Flame                  Conjuration/Fire             3
   d - Inner Flame                    Hexes/Fire                   3
   e - Sticky Flame                   Conjuration/Fire             4
   f - Fireball                       Conjuration/Fire             5
 v - a book of Cantrips

   Spells                             Type                      Level
   a - Confusing Touch                Hexes                        1
   b - Animate Skeleton               Necromancy                   1
   c - Summon Small Mammal            Summoning                    1
   d - Apportation                    Translocation                1
Comestibles
 b - 2 bread rations
 d - 4 meat rations
 m - a royal jelly
 x - a chunk of flesh


   Skills:
 + Level 2.0 Fighting
 - Level 1.7 Dodging
 - Level 1.7 Stealth
 + Level 2.9 Spellcasting
 + Level 2.8 Conjurations
 + Level 4.1 Fire Magic


You had 3 spell levels left.
You knew the following spells:

 Your Spells              Type           Power        Failure   Level  Hunger
a - Flame Tongue          Conj/Fire      ##...        4%          1    None
b - Throw Flame           Conj/Fire      ##....       6%          2    ##.....
c - Conjure Flame         Conj/Fire      ##......     12%         3    ###....


Dungeon Overview and Level Annotations

Branches:
Dungeon (3/15)

Altars:
Fedhas


Innate Abilities, Weirdness & Mutations

Your plain brown scales are hard. (AC +5)
You cannot fit into any form of body armour.
You are cold-blooded and may be slowed by cold attacks.


Message History

Aim: an orc, wielding a falchion The flame tongue hits the orc.
The orc is almost dead.
The bat hits you. The bat hits you but does no damage.
The orc hits you with a flail. The orc hits you with a falchion.
* * * LOW HITPOINT WARNING * * *
An orc comes into view. It is wielding a flail.
Casting: Flame Tongue
Confirm with . or Enter, or press ? or * to list all spells.
Aiming: Flame Tongue
Press: ? - help, Shift-Dir - straight line, f/p - orc
Aim: an orc, wielding a falchion (almost dead)
The flame tongue hits the orc.
You kill the orc!
The bat hits you but does no damage. The bat hits you.
* * * LOW HITPOINT WARNING * * *
The orc hits you with a flail!
* * * LOW HITPOINT WARNING * * *
The bat hits you but does no damage. The orc hits you with a flail.
You die...

...............
##.####.##.####
#.###.# #....#
#.###g# #h# #b#
#.## ##
#>###o@### #.#
.# #...o...# #.#
.#.####(#.#
#.### #. #†#.#
#.#.. #.### #.#
# #.#.#
##.##...###.#
#.#.#
#...........#
#.#.# .
..####.#####
#.#.#
....####>#####.#
#.#.#####


You could see 2 orcs, a jackal, a hobgoblin and a bat.

Vanquished Creatures
  11 adders
  An ooze (D:2)
  A worm (D:2)
  A dart slug (D:2)
  2 leopard geckos (D:2)
  3 orcs (D:3)
  9 bats
  4 giant cockroaches
  2 goblins
  5 hobgoblins
  6 jackals
  A quokka (D:2)
  5 frilled lizards
  4 kobolds
  7 rats
62 creatures vanquished.

Notes
Turn   | Place    | Note
-------+----------+-------------------------------------------
     0 | D:1      | slavetoarmok the Draconian Fire Elementalist began the quest for the Orb.
     0 | D:1      | Reached XP level 1. HP: 14/14 MP: 3/3
   537 | D:1      | Reached XP level 2. HP: 22/22 MP: 3/5
  1206 | D:2      | Reached XP level 3. HP: 19/27 MP: 1/6
  1802 | D:2      | Reached skill level 1 in Fighting
  1971 | D:2      | Reached XP level 4. HP: 35/35 MP: 3/7
  2305 | D:2      | Learned a level 2 spell: Throw Flame
  2309 | D:2      | Learned a level 3 spell: Conjure Flame
  2522 | D:2      | Reached skill level 4 in Fire Magic
  2523 | D:2      | Found a blossoming altar of Fedhas.
  3168 | D:3      | Reached XP level 5. HP: 41/41 MP: 6/9
  3279 | D:3      | Slain by an orc

Vault maps used:
D:1:      eino_arrival_water_star, minmay_misc_feat_x, grunt_decor_fettered,
          minmay_tetromino_s2
D:2:      fedhas_altar_4, minmay_quantized
D:3:      kennysheep_six_static_rooms, grunt_dithmenos_smoke

Skill      XL: |  1  2  3  4  5 |
---------------+----------------+-----
Conjurations   | 2 |  2.8
Fighting       | 1 2 |  2.0
Fire Magic     | 4 |  4.1
Dodging        | |  1.7
Stealth        | |  1.7
Spellcasting   | |  2.9

Action                   |  1- 3 |  4- 6 || total
-------------------------+-------+-------++-------
Melee: Unarmed           |    17 |       ||    17
       Tailslap          |     8 |     2 ||    10
       Dagger            |    34 |    29 ||    63
 Cast: Flame Tongue      |    47 |    58 ||   105
  Eat: Chunk             |     4 |     4 ||     8
Armor: Skin              |    29 |    43 ||    72
Dodge: Dodged            |    52 |    64 ||   116
